 Dungeon Crawl Stone Soup version 0.31-a0-1388-g4b2ba238e7 (webtiles) character file.

Game seed: 13387554180015651797

33 Laraso the Cudgeller (level 3, 0/23 HPs)
             Began as a Gargoyle Cinder Acolyte on Dec 24, 2023.
             Was a High Priest of Ignis.
             Slain by an orc
             ... wielding a +0 hand axe
              (3 damage)
             ... on level 3 of the Dungeon.
             The game lasted 00:01:56 (1973 turns).

Laraso the Cudgeller (Gargoyle Cinder Acolyte)      Turns: 1973, Time: 00:01:57

Health: 0/23       AC:  5    Str: 19    XL:     3   Next: 29%
Magic:  1/4        EV: 11    Int: 20    God:    Ignis [*****.]
Gold:   150        SH:  0    Dex:  5    Spells: 2/4 levels left

rFire   + + .        a - -1 mace (flame)
rCold   . . .        (no shield)
rNeg    + . .        b - +0 robe
rPois   ∞            (no helmet)
rElec   +            (no cloak)
rCorr   .            (no gloves)
SInv    .            (no boots)
Will    .....        (no amulet)
Stlth   +            d - +6 ring of intelligence
HPRegen 0.23/turn    j - ring of protection from fire
MPRegen 0.09/turn

%: no passive effects
@: no status effects
A: sickness immunity, AC +3, negative energy resistance 1, electricity
resistance, torment resistance 1, petrification resistance
a: Renounce Religion, Fiery Armour, Foxfire Swarm, Rising Flame


You were on level 3 of the Dungeon.
You worshipped Ignis.
Ignis was extremely pleased with you.
You visited 1 branch of the dungeon, and saw 3 of its levels.

You collected 150 gold pieces.

Inventory:

Hand Weapons
 a - a -1 mace of flaming (weapon)
Armour
 b - a +0 robe (worn)
Jewellery
 d - a +6 ring of intelligence (left hand)
 j - a ring of protection from fire (right hand)
Scrolls
 e - a scroll of enchant armour {unknown}
 f - a scroll of silence {unknown}
 g - a scroll of teleportation {unknown}
 i - a scroll of amnesia {unknown}
 l - 3 scrolls of identify {unknown}
 m - a scroll of immolation {unknown}
Potions
 c - a potion of invisibility {unknown}
 h - a potion of curing {unknown}
 k - a potion of magic {unknown}
 n - a potion of heal wounds {unknown}


   Skills:
 - Level 3.2 Fighting
 * Level 4.3 Maces & Flails
 - Level 1.0 Spellcasting
 - Level 3.0 Fire Magic


You had 2 spell levels left.
You knew the following spells:

 Your Spells              Type           Power      Damage    Failure   Level
a - Scorch                Fire           26%        2d6       8%          2

Your spell library contained the following spells:

 Spells                   Type           Power      Damage    Failure   Level
 Necrotise                Necr           4%         1d4       17%         1
 Vampiric Draining        Necr           1%         2d6       45%         3
 Agony                    Necr           1%         N/A       99%         5


Dungeon Overview and Level Annotations

Branches:
Dungeon (3/15)

Altars:
Vehumet

Shops:
D:2 !   D:3 ?


Innate Abilities, Weirdness & Mutations

You are immune to sickness and miasma.
Your stone body is resilient. (AC +3)
You are immune to poison.
You resist negative energy. (rN+)
You are resistant to electric shocks. (rElec)
You are resistant to unholy torment.
You are immune to petrification.


Message History

You now have 150 gold pieces (gained 9).
There is an entrance to Raffode's Magic Scroll Shop here.
n - a fizzy blue potion
Found a stone staircase leading down.
An orc comes into view. It is wielding a +0 club.
The orc shouts!
An orc comes into view. It is wielding a +0 hand axe.
The orc shouts!
You hear a shout! x2
An orc priest comes into view. It is wielding a +0 trident.
The orc priest shouts!
You hear a shout!
Flames lash the orc.
You kill the orc!
An orc comes into view. It is wielding a +0 dagger.
The orc priest miscasts a cantrip.
You can't see any susceptible monsters within range! (Use Z to cast anyway.)
You can't see any susceptible monsters within range! (Use Z to cast anyway.)
The orc priest looks encouraged for a moment.
An orc priest comes into view. It is wielding a +0 mace.
The orc priest shouts!
The orc priest looks encouraged for a moment.
Flames lash the orc priest.
The orc priest is moderately wounded.
The orc priest's fire resistance burns away.
The orc priest barely misses you.
You closely miss the orc priest.
The orc priest is moderately wounded.
The orc priest calls down the wrath of Beogh upon you.
Beogh smites you! The orc misses you.
You closely miss the orc priest.
The orc priest is moderately wounded.
The orc priest is no longer more vulnerable to fire.
The orc priest barely misses you. The orc hits you but does no damage.
You hit the orc priest but do no damage.
The orc priest is moderately wounded.
The orc priest mumbles some strange prayers to Beogh against you.
Beogh smites you!
Ouch! That really hurt!
* * * LOW HITPOINT WARNING * * *
The orc priest barely misses you. The orc hits you with a +0 hand axe.
You die...

#########
#..o....#
#.####.#####.#
#.o)o..# #o#
..oo.###### #.#
### .########
#.#
........###o#
........o@o.#
.........####
.........###
.##.>......##
#..##.....###
#..##.#.....##
#........##..#
.........###.##
#.##.#####
#..###


You could see 2 orc priests and an orc.

Vanquished Creatures
  An adder (D:2)
  An orc (D:3)
  3 ball pythons (D:2)
  2 endoplasms
  3 giant cockroaches
  3 quokkas
  3 frilled lizards
  2 goblins
  4 kobolds
22 creatures vanquished.

Notes
Turn   | Place    | Note
-------+----------+-------------------------------------------
     0 | D:1      | Laraso the Gargoyle Cinder Acolyte began the quest for the
                  | Orb.
     0 | D:1      | Reached XP level 1. HP: 14/14 MP: 2/2
   984 | D:2      | Reached XP level 2. HP: 19/19 MP: 3/3
  1259 | D:2      | Found Irchuv's Distillery.
  1291 | D:2      | Reached skill level 4 in Maces & Flails
  1347 | D:2      | Learned a level 2 spell: Scorch
  1415 | D:2      | Reached XP level 3. HP: 21/23 MP: 1/4
  1720 | D:3      | Found a radiant altar of Vehumet.
  1875 | D:3      | Found Raffode's Magic Scroll Shop.
  1973 | D:3      | Slain by an orc

Illustrated notes

Levels and vault maps discovered:
D:1:      eino_arrival_water_star, layout_basic
D:2:      layout_basic, serial_shops, nicolae_shop_window_shopping
D:3:      layout_basic, lemuel_crystal_altar,
          dreamdust_ecumenical_altar_angels_and_demons, serial_shops,
          nicolae_square_shop

Skill      XL: |  1  2 |
---------------+-------+-----
Maces & Flails | 4 |  4.3
Fighting       | |  3.2
Spellcasting   | |  1.0
Fire Magic     | |  3.0

Action                     || total
---------------------------++-------
  Melee: Mace              ||    61
   Cast: Scorch            ||     8
 Armour: Robe              ||    34
  Dodge: Dodged            ||    36

Table legend: (Time is in decaauts)
 A = Elapsed time spent in this place.
 B = Non-inter-level travel time spent in this place.
 C = Inter-level travel time spent in this place.
 D = Time resting spent in this place.
 E = Time spent auto-exploring this place.
 F = Levels seen in this place.
 G = Mean time per level.
                   A        B        C        D        E       F      G
               +--------+--------+--------+--------+--------+-----+--------+
         Total |   1985 |   1906 |     79 |     29 |   1677 |   3 |  661.7 |
       Dungeon |   1985 |   1906 |     79 |     29 |   1677 |   3 |  661.7 |
               +--------+--------+--------+--------+--------+-----+--------+

Top non-repeatable levels by time:
     D:2: 898 daAuts
     D:1: 833 daAuts
     D:3: 254 daAuts
